 Dungeon Crawl Stone Soup version 0.30.1-11-g7821555f0a (webtiles) character file.

Game seed: 16238125786504256288

547 Kranky the Digger (level 7, -5/38 HPs)
             Began as a Gargoyle Earth Elementalist on Dec 28, 2023.
             Slain by an ogre
             ... wielding a +0 giant spiked club
              (24 damage)
             ... on level 5 of the Dungeon.
             The game lasted 00:08:08 (3480 turns).

Kranky the Digger (Gargoyle Earth Elementalist)     Turns: 3480, Time: 00:08:12

Health: -5/38      AC: 11    Str: 16    XL:     7   Next: 28%
Magic:  13/13      EV: 11    Int: 17    God:
Gold:   228        SH:  0    Dex: 16    Spells: 10/14 levels left

rFire   + + +        z - +2 glaive (heavy)
rCold   . . .        (shield currently unavailable)
rNeg    + . .        l - +0 ring mail of the Will of the Gods {*Slow rF+++ Str+4 SInv}
rPois   ∞            (no helmet)
rElec   +            k - +0 cloak
rCorr   .            (no gloves)
SInv    +            (no boots)
Will    .....        (no amulet)
Stlth   +            s - +6 ring of dexterity
HPRegen 0.26/turn    (no ring)
MPRegen 0.13/turn

%: slow self (1%)
@: no status effects
A: sickness immunity, AC +4, negative energy resistance 1, electricity
resistance, torment resistance 1, petrification resistance
a: no special abilities


You were on level 5 of the Dungeon.
You visited 1 branch of the dungeon, and saw 5 of its levels.

You collected 228 gold pieces.

Inventory:

Hand Weapons
 c - a +0 halberd
 z - a +2 heavy glaive (weapon)
Armour
 a - a +0 robe
 g - a +0 ring mail
 k - a +0 cloak (worn)
 l - the +0 ring mail of the Will of the Gods (worn) {*Slow rF+++ Str+4 SInv}
   (You found it on level 2 of the Dungeon)

   Str:       It affects your strength (+4).
   rF:        It renders you almost immune to fire.
   SInv:      It lets you see invisible.
   *Slow:     It may slow you when you take damage.
Jewellery
 s - a +6 ring of dexterity (left hand)
 u - a ring of resist corrosion
Scrolls
 d - a scroll of brand weapon {unknown}
 h - a scroll of teleportation {unknown}
 i - a scroll of vulnerability {unknown}
 j - 2 scrolls of blinking {unknown}
 m - 2 scrolls of enchant weapon {unknown}
 o - 2 scrolls of enchant armour {unknown}
 r - a scroll of fog {unknown}
 x - 2 scrolls of identify {unknown}
 y - a scroll of immolation {unknown}
 A - 2 scrolls of fear {unknown}
 B - 3 scrolls of noise {unknown}
Potions
 b - a potion of magic
 e - 3 potions of degeneration {unknown}
 f - 2 potions of haste {unknown}
 n - a potion of brilliance {unknown}
 p - 2 potions of flight {unknown}
 q - 5 potions of attraction {unknown}
 t - a potion of curing {unknown}
 v - 2 potions of ambrosia {unknown}
 w - a potion of lignification {unknown}


   Skills:
 - Level 1.4 Fighting
 + Level 4.2 Armour
 - Level 1.5 Dodging
 - Level 2.1 Stealth
 + Level 4.2 Spellcasting
 - Level 1.4 Transmutations
 + Level 6.1 Earth Magic


You had 10 spell levels left.
You knew the following spells:

 Your Spells              Type           Power      Damage    Failure   Level
a - Sandblast             Erth           48%        2d12      2%          1
b - Stone Arrow           Conj/Erth      26%        3d8       24%         3

Your spell library contained the following spells:

 Spells                   Type           Power      Damage    Failure   Level
 Passwall                 Tmut/Erth      13%        N/A       9%          2
 Petrify                  Tmut/Erth      16%        N/A       52%         4


Dungeon Overview and Level Annotations

Branches:
Dungeon (5/15)
 Temple: D:4-7

Altars:
Elyvilon
Yredelemnul

Shops:
D:3 [([

Annotations:
D:5 3 runed translucent doors, jagang's ghost, novice HuMo


Innate Abilities, Weirdness & Mutations

You are immune to sickness and miasma.
Your stone body is resilient. (AC +4)
You are immune to poison.
You resist negative energy. (rN+)
You are resistant to electric shocks. (rElec)
You are resistant to unholy torment.
You are immune to petrification.


Message History

A scorpion is nearby!
You slice the scorpion!!
You kill the scorpion!
Your Earth Magic skill increases to level 6!
No target in view!
No target in view!
x - 2 scrolls labelled GITUICV SAGUF (gained 1)
The sentinel's mark upon you fades away.
B - 3 scrolls labelled YXOXEA PYOBB No target in view!
A - 2 scrolls labelled TANLAIKUOF (gained 1)
An adder comes into view.
The adder hisses angrily.
An adder is nearby!
You reach to attack!
You closely miss the adder. The adder misses you. The adder closely misses you.
The adder misses you.
An adder is nearby!
You slash the adder!
You kill the adder!
You see here an adder corpse.
You now have 228 gold pieces (gained 9).
Key pressed, stopping explore.
No target in view!
Found a stone staircase leading down.
No target in view!
No target in view!
There is a stone staircase leading down here.
An ogre comes into view. It is wielding a +0 giant spiked club.
The ogre shouts!
You slice the ogre!!
The ogre is severely wounded.
The ogre barely misses you. The ogre completely misses you.
An ogre is nearby!
You barely miss the ogre.
The ogre is severely wounded.
The ogre hits you with a +0 giant spiked club!!
Ouch! That really hurt!
The ogre hits you with a +0 giant spiked club!!
Ouch! That really hurt!
You die...

#.# #....# #.# #.#
###..# #.# #.#
#..## #.# #.#
#...## #.# ..#
#....# #.#
#.#####....# #.#
...........#####.#
..........>......#
#.##.###########@#
#.##.## #....O.#
#.##..# #.####..
#.##..# #.##
#.##..# #.#
#.##..#####. #.#
#........... ...
####..###### ###
#..#


You could see an ogre.

Vanquished Creatures
  Menkaure (D:4)
  3 scorpions
  2 jellies
  An orc wizard (D:5)
  7 adders
  An ufetubus (D:5)
  2 dart slugs
  10 orcs
  6 ball pythons
  7 endoplasms
  A giant cockroach (D:4)
  7 goblins
  A hobgoblin (D:1)
  7 jackals
  7 kobolds
  4 quokkas
  10 bats
  3 frilled lizards (D:1)
  7 rats
87 creatures vanquished.

Notes
Turn   | Place    | Note
-------+----------+-------------------------------------------
     0 | D:1      | Kranky the Gargoyle Earth Elementalist began the quest for
                  | the Orb.
     0 | D:1      | Reached XP level 1. HP: 10/10 MP: 3/3
   130 | D:1      | Reached skill level 1 in Transmutations
   130 | D:1      | Reached XP level 2. HP: 16/16 MP: 1/5
   515 | D:1      | Reached skill level 1 in Armour
   540 | D:1      | Reached skill level 1 in Fighting
   543 | D:1      | Reached XP level 3. HP: 20/20 MP: 1/6
   593 | D:1      | Reached skill level 4 in Earth Magic
   981 | D:2      | Identified the +0 ring mail of the Will of the Gods {*Slow
                  | rF+++ Str+4 SInv}
  1715 | D:3      | Found Fagaosh's Weapon Boutique.
  1736 | D:3      | Reached XP level 4. HP: 25/25 MP: 7/7
  2003 | D:3      | Found Zeveluur's Antique Armour Shop.
  2208 | D:3      | Found a white marble altar of Elyvilon.
  2300 | D:3      | Found Bioshiom's Antique Armour Shop.
  2581 | D:4      | Noticed a scorpion
  2591 | D:4      | Killed a scorpion
  2592 | D:4      | Reached XP level 5. HP: 27/29 MP: 9/9
  2651 | D:4      | Noticed Menkaure
  2655 | D:4      | Killed Menkaure
  2656 | D:4      | Reached skill level 5 in Earth Magic
  2656 | D:4      | Reached XP level 6. HP: 26/34 MP: 8/11
  2691 | D:4      | Learned a level 3 spell: Stone Arrow
  2952 | D:4      | Found a basalt altar of Yredelemnul.
  3168 | D:5      | Entered Level 5 of the Dungeon
  3200 | D:5      | Reached XP level 7. HP: 37/38 MP: 13/13
  3295 | D:5      | Found a runed translucent gate.
  3295 | D:5      | Found a runed translucent gate.
  3295 | D:5      | Found a runed translucent gate.
  3300 | D:5      | Noticed jagang's ghost (novice HuMo)
  3322 | D:5      | Reached skill level 6 in Earth Magic
  3480 | D:5      | Slain by an ogre

Illustrated notes

Levels and vault maps discovered:
D:1:      dpeg_arrival_solitude, layout_basic, corexii_leaking_fountain,
          hangedman_decor_clover_reticule, hangedman_decor_riveting
D:2:      layout_basic, eino_curves_04
D:3:      layout_loops_ring, mainiacjoe_overflow_small_starburst, serial_shops,
          nicolae_shop_bloodbath_and_beyond, shop,
          nicolae_shop_overgrown_old_shop, hex_medium
D:4:      layout_basic, overflow_temple_1_default, uniq_menkaure
D:5:      layout_basic, gammafunk_ghost_necromancy, kennysheep_generic_room_10

Skill      XL: |  1  2  3  4  5  6  7 |
---------------+----------------------+-----
Transmutations | 1 |  1.4
Armour         | 1 2 3 4 |  4.2
Fighting       | 1 |  1.4
Earth Magic    | 4 5 6 |  6.1
Spellcasting   | 3 4 |  4.2
Dodging        | |  1.5
Stealth        | |  2.1

Action                     |  1- 3 |  4- 6 |  7- 9 || total
---------------------------+-------+-------+-------++-------
  Melee: Halberd           |    81 |    54 |       ||   135
         Glaive            |       |    19 |    11 ||    30
   Cast: Sandblast         |    33 |    19 |       ||    52
   Stab: Sleeping          |     1 |     1 |       ||     2
 Armour: Robe              |     6 |       |       ||     6
         Ring mail         |    54 |    49 |     7 ||   110
  Dodge: Dodged            |    74 |    55 |    26 ||   155
